 Dungeon Sprint DCSS version 0.28.0-47-ge53b351184 (webtiles) character file.

Game seed: 7269181975960627041

29 browni3141 the Skirmisher (level 3, -7/36 HPs)
             Began as a Formicid Fighter on May 4, 2022.
             Mangled by an iguana (12 damage)
             ... in the Dungeon (Sprint IX: "|||||||||||||||||||||||||||||").
             The game lasted 00:00:16 (59 turns).

browni3141 the Skirmisher (Formicid Fighter)          Turns: 59, Time: 00:00:16

Health: -7/36      AC:  6    Str: 20    XL:     3   Next: 32%
Magic:  3/3        EV:  9    Int:  7    God:
Gold:   0          SH:  4    Dex: 12    Spells: 2/2 levels left

rFire   . . .      SeeInvis +   a - +0 long sword
rCold   . . .      Faith    .   c - +0 buckler
rNeg    . . .      Spirit   .   b - +0 scale mail
rPois   .          Reflect  .   (helmet unavailable)
rElec   .          Harm     .   (no cloak)
rCorr   .          Rampage  .   (no gloves)
Will    .....                   (no boots)
Stlth   ..........              (no amulet)
HPRegen 0.12/turn               (no ring)
MPRegen 0.08/turn               (no ring)

@: no status effects
A: permanent stasis, dig shafts and tunnels, antennae 3, four strong arms
a: Dig


You were in the Dungeon.
You visited 1 branch


Innate Abilities, Weirdness & Mutations

You cannot be hasted, slowed, berserked, paralysed or teleported.
You can dig through walls and to a lower floor.
You have a pair of large antennae on your head. (SInv)
Your four strong arms can wield two-handed weapons with a shield.


   Skills:
 + Level 7.4 Fighting
 - Level 2.0 Long Blades
 - Level 3.2 Armour
 - Level 3.6 Shields


You had 2 spell levels left.
You didn't know any spells.
Your spell library was empty.

Inventory:

Hand Weapons
 a - a +0 long sword (weapon)
Armour
 b - a +0 scale mail (worn)
 c - a +0 buckler (worn)
Potions
 d - a potion of might
 e - a potion of curing {@q1}
 f - a potion of heal wounds {@q2}
 g - 2 potions of magic

Dungeon Overview and Level Annotations

Branches:
Dungeon (1/1)

Altars:
¦¦¦¦¦¦¦¦¦¦¦¦¦¦¦¦¦¦ +.....l@....)...<¦ ¦¦¦¦¦¦¦¦¦¦¦¦¦¦¦¦¦¦

You could see an iguana.


Message History

You are too injured to fight recklessly!
You hit the iguana but do no damage.
You feel sick.
You are no longer poisoned.
The iguana bites you.
* * * LOW HITPOINT WARNING * * *
You block the iguana's attack.
You are too injured to fight recklessly!
You slash the iguana!
The iguana is heavily wounded.
You block the iguana's attack.
You hit the iguana.
The iguana is almost dead.
The iguana bites you.
* * * LOW HITPOINT WARNING * * *
You are too injured to fight recklessly!
You are too injured to fight recklessly!
You hit the iguana but do no damage.
The iguana is almost dead.
The iguana barely misses you. The iguana closely misses you.
You hit the iguana but do no damage.
The iguana is almost dead.
The iguana barely misses you.
You hit the iguana but do no damage.
The iguana is almost dead.
The iguana barely misses you.
You hit the iguana but do no damage.
The iguana is almost dead.
The iguana bites you but does no damage.
The iguana bites you!
You die...

Skill      XL: |  1  2  3 |
---------------+----------+-----
Fighting       | 5 6 7 |  7.4
Long Blades    | |  2.0
Armour         | |  3.2
Shields        | |  3.6

Action                   || total
-------------------------++-------
Melee: Long sword        ||    38
Armor: Scale mail        ||    15
Dodge: Dodged            ||    12
Block: Buckler           ||     7

Levels and vault maps discovered:
D:        linesprint [early_d, line_temple, items_1, d_10, items_2, lair_1,
          lair_end, items_3, orc_1, orc_end, items_4, d_15, swamp_1, shoals_1,
          snake_1, spider_1, d_20, vaults_1, items_5, swamp_end, shoals_end,
          snake_end, spider_end, vaults_end, d_27, items_6, zot_1, zot_end,
          crypt_end, forest_end, elf_end, slime_end, tomb_end, abyss_end,
          pan_hell_end]

Notes
Turn   | Place    | Note
-------+----------+-------------------------------------------
     0 | D        | browni3141 the Formicid Fighter began the quest for the
                  | Orb.
     0 | D        | Reached XP level 1. HP: 18/18 MP: 1/1
     8 | D        | Reached skill level 4 in Fighting
    14 | D        | Reached skill level 5 in Fighting
    31 | D        | Noticed an iguana
    36 | D        | Reached XP level 2. HP: 27/27 MP: 2/2
    49 | D        | Reached skill level 6 in Fighting
    49 | D        | Reached XP level 3. HP: 25/35 MP: 3/3
    52 | D        | Reached skill level 7 in Fighting
    59 | D        | Mangled by an iguana

Vanquished Creatures
  2 adders (D)
  A worm (D)
  An orc (D)
  2 kobolds (D)
  A frilled lizard (D)
  2 goblins (D)
9 creatures vanquished.

Table legend: (Time is in decaauts)
 A = Elapsed time spent in this place.
 B = Non-inter-level travel time spent in this place.
 C = Inter-level travel time spent in this place.
 D = Time resting spent in this place.
 E = Time spent auto-exploring this place.
 F = Levels seen in this place.
 G = Mean time per level.
                   A        B        C        D        E       F      G
               +--------+--------+--------+--------+--------+-----+--------+
         Total |     70 |     70 |      0 |      0 |     16 |   1 |   70.0 |
       Dungeon |     70 |     70 |      0 |      0 |     16 |   1 |   70.0 |
               +--------+--------+--------+--------+--------+-----+--------+

Top non-repeatable levels by time:
       D: 70 daAuts

Table legend:
 A = Non-vault XP
 B = Vault XP
 C = Vault XP percentage of total XP
 D = Non-vault monster count
 E = Vault monster count
 F = Vault count percentage of total count
                 A         B        C        D         E       F
            +---------+---------+-------+---------+---------+-------
      Total |       0 |      42 | 100.0 |       0 |       9 | 100.0
            +---------+---------+-------+---------+---------+-------
          D |       0 |      42 | 100.0 |       0 |       9 | 100.0
            +---------+---------+-------+---------+---------+-------
